AoeStats
← p1mple

Runestones

507955643Analyzed
1v1 RM · 13d ago on Sep 20, 2026· 46m 36s· 2 players
Game mode
Random Map
Map size
Tiny (2 player)
Population
200
Speed
Normal
Resources
Standard
Victory
Conquest
Starting age
Dark Age
Ending age
Imperial Age
RankedLock teamsTeams togetherTeam positionsShared explorationLock speedFull tech treeHidden civsTurbo modeCheats
Victory
Defeat
🇩🇪 Celts · Germany
681
+18
🇩🇪 Franks · Germany
717
-18
noHotkeys
0:28 Loom
10:31 Feudal Age
11:38 Double-Bit Axe
13:28 Horse Collar
15:31 Fletching
17:33 Gold Mining
20:32 Castle Age
19:56 Stone Mining
22:11 Wheelbarrow
21:51 Bow Saw
21:41 Bodkin Arrow
22:42 Stone Shaft Mining
25:57 Scale Mail Armor
26:08 Forging
26:40 Gold Shaft Mining
25:58 Stronghold
26:59 Chain Mail Armor
27:23 Heavy Plow
28:54 Town Watch
32:36 Iron Casting
39:57 Imperial Age
44:44 Siege Engineers
p1mple
7:40 Loom
11:33 Feudal Age
12:20 Double-Bit Axe
18:39 Castle Age
17:42 Town Watch
19:22 Scale Barding Armor
19:27 Forging
22:52 Wheelbarrow
23:19 Fervor
23:34 Husbandry
29:32 Iron Casting
30:45 Hand Cart
30:32 Town Patrol
31:19 Gold Mining
31:21 Stone Mining
32:12 Bow Saw
32:30 Chain Barding Armor
37:27 Imperial Age
36:29 Elite Skirmisher
39:04 Padded Archer Armor
38:55 Fletching
39:49 Plate Barding Armor
40:14 Blast Furnace
38:52 Cavalier
42:29 Crossbowman
43:11 Bodkin Arrow
43:32 Leather Archer Armor
Connection lost

Rejoining the realm…

Still unreachable

The connection could not be restored.

Session expired

The server has moved on; the page needs a fresh start.